 Dungeon Crawl Stone Soup version 0.19-a0-1394-g582fb70 (webtiles) character file.

1442 Lindan9 the Chiller (level 8, -12/55 HPs)
             Began as a Vampire Ice Elementalist on Sept 2, 2016.
             Was a Believer of Dithmenos.
             Mangled by Menkaure (20 damage)
             ... on level 7 of the Dungeon on Sept 3, 2016.
             The game lasted 00:29:05 (7565 turns).

Lindan9 the Chiller (Vampire Ice Elementalist)      Turns: 7565, Time: 00:29:06

Health: -12/55     AC:  6    Str:  7    XL:     8   Next: 46%
Magic:  16/16      EV: 16    Int: 20    God:    Dithmenos [**....]
Gold:   307        SH:  0    Dex: 19    Spells: 3 memorised, 12 levels left

rFire  . . .     SeeInvis +     e - +1 dagger (speed)
rCold  . . .     Gourm    .     a - +0 robe
rNeg   + . .     Faith    .     (no shield)
rPois  .         Spirit   .     (no helmet)
rElec  .         Dismiss  .     C - +1 cloak
rCorr  .         Reflect  .     j - +1 pair of gloves
MR     .....     Harm     .     (no boots)
Stlth  +++++.....               h - amulet of magic regeneration
                                r - ring of wizardry
                                y - +5 ring of dexterity

@: wreathed by umbra
A: fangs 3, see invisible, unbreathing
a: Bat Form, Shadow Step, Renounce Religion


You were on level 7 of the Dungeon.
You worshipped Dithmenos.
Dithmenos was pleased with you.
You were not thirsty.

You visited 1 branch of the dungeon, and saw 7 of its levels.

You collected 307 gold pieces.

Inventory:

Hand Weapons
 e - a +1 dagger of speed (weapon)
 f - a +0 dagger
 o - a +0 flail
 q - a +1 dagger
 s - a +0 morningstar
 t - a +3 flail of crushing
Armour
 a - a +0 robe (worn)
 j - a +1 pair of gloves (worn)
 C - a +1 cloak (worn)
Jewellery
 h - an amulet of magic regeneration (around neck)
 i - an uncursed ring of see invisible {unknown}
 m - an uncursed ring of flight
 r - a ring of wizardry (right hand)
 y - a +5 ring of dexterity (left hand)
Wands
 u - a wand of flame (22/48)
Scrolls
 d - 3 scrolls of teleportation
 k - 2 scrolls of remove curse
 p - a scroll of magic mapping
 w - a scroll of fog
Potions
 c - 5 potions of blood
 g - a potion of cure mutation
 l - a potion of cancellation
 n - 2 potions of heal wounds
 v - a potion of haste {unknown}
 x - a potion of lignification {unknown}
 z - a potion of flight {unknown}
 B - a potion of agility {unknown}
Books
 b - a book of Frost

   Spells                             Type                      Level
   a - Freeze                         Ice                          1
   b - Throw Frost                    Conjuration/Ice              2
   c - Ozocubu's Armour               Charms/Ice                   3
   d - Throw Icicle                   Conjuration/Ice              4
   e - Summon Ice Beast               Ice/Summoning                4


   Skills:
 + Level 1.6 Fighting
 + Level 1.8 Short Blades
 + Level 5.2 Dodging
 + Level 6.0 Stealth
 + Level 5.8 Spellcasting
 + Level 0.6 Conjurations
 + Level 1.0 Charms
 + Level 6.3 Ice Magic


You had 12 spell levels left.
You knew the following spells:

 Your Spells              Type           Power        Failure   Level  Hunger
a - Freeze                Ice            ####         1%          1    None
b - Throw Frost           Conj/Ice       ###...       1%          2    None
c - Ozocubu's Armour      Chrm/Ice       ###.....     4%          3    ##.....


Dungeon Overview and Level Annotations

Branches:
Dungeon (7/15)
 Temple: D:4-7

Altars:
Dithmenos
Fedhas

Annotations:
D:7 Menkaure


Innate Abilities, Weirdness & Mutations

You have razor-sharp teeth.
You have supernaturally acute eyesight. (SInv)
You can survive without breathing.


Message History

Menkaure calls on the powers of darkness!
Your body is wracked with pain!
A big kobold and an ogre come into view.
The ogre shouts!
You hit Menkaure.
Menkaure is lightly damaged.
Menkaure calls on the powers of darkness!
Your body is wracked with pain!
* * * LOW HITPOINT WARNING * * *
You hit Menkaure but do no damage.
Menkaure is lightly damaged.
You hit Menkaure. You bite Menkaure.
Menkaure is moderately damaged.
Menkaure barely misses you. The kobold hits you.
* * * LOW HITPOINT WARNING * * *
A kobold comes into view.
You hit Menkaure.
Menkaure is moderately damaged.
Menkaure hits you!!
You die...

##########
#........#
#........#
#%.?.....#####
#........##..
##.##(#####M#
......
##..##..####@#
......
##..####.(...K#.##
..h... #..##
###...K...# ......
####)### #.####..#
...... .......###
#(# ...# ......
..<........ ...


OKK. ...... .......#####.## ..K# ...... .......... .. ... .....z .....<.....##
.....> You could see an ogre, Menkaure and 4 kobolds.

Vanquished Creatures
  An ice beast (D:5)
  3 sky beasts
  2 centaurs
  A giant frog (D:6)
  2 scorpions
  A wight (D:6)
  2 howler monkeys
  5 crimson imps
  A centaur zombie (D:5)
  2 hounds
  3 orc priests
  2 orc wizards
  3 gnolls (D:5)
  A howler monkey skeleton (D:5)
  7 adders
  An ooze (D:5)
  4 worms
  4 dart slugs
  6 giant geckos
  9 orcs
  10 bats
  4 giant cockroaches
  6 goblins
  10 hobgoblins
  8 jackals
  5 quokkas
  A giant gecko skeleton (D:6)
  4 giant newts
  7 kobolds
  4 rats
119 creatures vanquished.

Notes
Turn   | Place    | Note
-------+----------+-------------------------------------------
     0 | D:1      | Lindan9 the Vampire Ice Elementalist began the quest for the Orb.
     0 | D:1      | Reached XP level 1. HP: 13/13 MP: 3/3
     0 | D:1      | Upgraded the game from 0.19-a0-1368-g41a3d51 to 0.19-a0-1394-g582fb70
   164 | D:1      | Reached XP level 2. HP: 11/19 MP: 0/5
   819 | D:1      | Reached XP level 3. HP: 24/24 MP: 6/6
  1109 | D:2      | Found a shadowy altar of Dithmenos.
  1161 | D:2      | Became a worshipper of Dithmenos the Shadowed
  2064 | D:3      | Reached XP level 4. HP: 23/30 MP: 4/8
  4084 | D:3      | Found a blossoming altar of Fedhas.
  4477 | D:4      | Reached XP level 5. HP: 26/36 MP: 6/9
  4482 | D:4      | Reached * piety under Dithmenos
  4482 | D:4      | Reached skill level 1 in Fighting
  4960 | D:4      | Reached XP level 6. HP: 43/43 MP: 6/11
  5566 | D:5      | Entered Level 5 of the Dungeon
  5576 | D:5      | Learned a level 2 spell: Throw Frost
  5580 | D:5      | Learned a level 3 spell: Ozocubu's Armour
  5591 | D:5      | Reached skill level 5 in Ice Magic
  5705 | D:5      | Reached XP level 7. HP: 35/48 MP: 4/13
  6585 | D:6      | Reached ** piety under Dithmenos
  6595 | D:6      | Reached skill level 5 in Spellcasting
  6729 | D:6      | Reached skill level 1 in Short Blades
  6729 | D:6      | Reached skill level 5 in Stealth
  7074 | D:5      | Reached skill level 1 in Charms
  7074 | D:5      | Reached XP level 8. HP: 32/54 MP: 9/16
  7441 | D:6      | Reached skill level 5 in Dodging
  7555 | D:7      | Noticed Menkaure
  7565 | D:7      | Mangled by Menkaure

Vault maps used:
D:1:      evilmike_arrival_sounds_zot
D:2:      nicolae_dithmenos_through_a_glass_darkly
D:3:      first_bread, fedhas_altar_fruit_tree
D:4:      nrook_mini_vaults
D:5:      grunt_ministairs_12, minivault_1, roderic_lattice_a
D:7:      grunt_livestock, uniq_menkaure

Skill      XL: |  1  2  3  4  5  6  7  8 |
---------------+-------------------------+-----
Stealth        | 4 5 6 |  6.0
Ice Magic      | 4 5 6 |  6.3
Dodging        | 3 4 5 |  5.2
Fighting       | 1 |  1.6
Spellcasting   | 3 4 5 |  5.8
Short Blades   | 1 |  1.8
Charms         | 1 |  1.0
Conjurations   | |  0.6

Action                   |  1- 3 |  4- 6 |  7- 9 || total
-------------------------+-------+-------+-------++-------
Melee: Unarmed           |     1 |       |       ||     1
       Dagger            |    74 |   165 |   153 ||   392
       Bite              |     5 |    22 |    12 ||    39
 Cast: Freeze            |    28 |    53 |    91 ||   172
       Throw Frost       |       |     3 |     1 ||     4
       Ozocubu's Armour  |       |       |     5 ||     5
  Use: Potion            |     2 |     7 |     6 ||    15
       Scroll            |       |    10 |     6 ||    16
 Stab: Sleeping          |    10 |     1 |     8 ||    19
  Eat: Corpse            |     1 |     5 |       ||     6
Armor: Robe              |    19 |    31 |    35 ||    85
Dodge: Dodged            |    63 |   149 |   181 ||   393
